 Dungeon Crawl Stone Soup version 0.28-a0-1382-g92835e5c71 (webtiles) character file.

Game seed: 10928936958554688687

49 funkygono the Firebug (level 3, 0/19 HPs)
             Began as a Deep Elf Fire Elementalist on Jan 1, 2022.
             Succumbed to an adder's poison
             ... on level 2 of the Dungeon.
             The game lasted 00:02:20 (1258 turns).

funkygono the Firebug (Deep Elf Fire Elementalist)  Turns: 1258, Time: 00:02:21

Health: 0/19       AC:  2    Str:  5    XL:     3   Next: 51%
Magic:  5/10       EV: 12    Int: 21    God:
Gold:   87         SH:  0    Dex: 15    Spells: 3/9 levels left

rFire   . . .      SeeInvis .   e - +2 short sword (speed)
rCold   . . .      Faith    .   (no shield)
rNeg    . . .      Spirit   .   a - +0 robe
rPois   .          Reflect  .   (no helmet)
rElec   .          Harm     .   (no cloak)
rCorr   .          Rampage  .   (no gloves)
Will    .....                   (no boots)
Stlth   ++........              (no amulet)
HPRegen 0.06/turn               (no ring)
MPRegen 0.12/turn               (no ring)

@: lethally poisoned (0 -> -1)
A: no striking features
a: no special abilities


You were on level 2 of the Dungeon.
You visited 1 branch of the dungeon, and saw 2 of its levels.

You collected 87 gold pieces.

Inventory:

Hand Weapons
 b - a +0 short sword
 e - a +2 short sword of speed (weapon)
Missiles
 c - 10 stones
Armour
 a - a +0 robe (worn)
Magical Staves
 f - a staff of poison
Scrolls
 d - a scroll of identify


   Skills:
 + Level 2.4 Dodging
 - Level 2.4 Stealth
 * Level 3.7 Spellcasting
 * Level 1.7 Conjurations
 * Level 4.3 Fire Magic


You had 3 spell levels left.
You knew the following spells:

 Your Spells              Type           Power      Damage    Failure   Level
a - Foxfire               Conj/Fire      64%        2x1d7     3%          1
b - Scorch                Fire           44%        2d7       3%          2
c - Conjure Flame         Conj/Fire      16%        6-21      11%         3

Your spell library contained the following spells:

 Spells                   Type           Power      Damage    Failure   Level
 Inner Flame              Hex/Fire       13%        N/A       16%         3
 Flame Wave               Conj/Fire      16%        2d5       34%         4


Dungeon Overview and Level Annotations

Branches:
Dungeon (2/15)

Altars:


Message History

The adder is lightly wounded.
The adder barely misses you.
Casting: Foxfire (safe; 3% risk of failure)
Confirm with . or Enter, or press ? or * to list all spells.
Flames lash the adder.
The adder is severely wounded.
The adder's fire resistance burns away.
The adder bites you.
You are poisoned.
The adder poisons you!
Casting: Scorch (safe; 3% risk of failure)
Confirm with . or Enter, or press ? or * to list all spells.
You conjure some foxfire!
You feel sick. The adder barely misses you. The adder bites you.
You are lethally poisoned!
The adder poisons you!
Casting: Foxfire (safe; 3% risk of failure)
Confirm with . or Enter, or press ? or * to list all spells.
Flames lash the adder.
The adder is burned terribly!
You kill the adder!
You feel sick.
Unknown command.
There is a lethal amount of poison in your body!
You aren't carrying any potions.
You feel sick.
Your foxfire dissipates!
* * * LOW HITPOINT WARNING * * *
You feel sick.
Your foxfire dissipates!
As you read the scroll labelled IRAHIR NOBUJ, it crumbles to dust.
It is a scroll of amnesia.
Really abort (and waste the scroll)?
Okay, then.
* * * LOW HITPOINT WARNING * * *
You feel sick.
You aren't carrying any items that you can evoke.
* * * LOW HITPOINT WARNING * * *
You feel sick.
* * * LOW HITPOINT WARNING * * *
You feel sick.
You die...

.... #.........#.# ##.####
.... ##........#.# #.## .....
##.........# #..# .....
#.........#####.### .....
##.......†..#.......
.###.†####...................
......†.##....<.....##.......
#.........##..#########
##....@...##.....#
#.......###.....# ######..#
#...).# #..###.....#
#...###....#### #...#
#.......### #...# #....##....
#...# #....#####. #...#
#....# ##


There were no monsters in sight!

Vanquished Creatures
  2 adders (D:2)
  5 ball pythons (D:1)
  3 endoplasms (D:1)
  2 goblins
  4 hobgoblins
  2 quokkas
  3 bats
  A frilled lizard (D:1)
  6 kobolds
  2 rats (D:1)
30 creatures vanquished.

Vanquished Creatures (others)
  73 foxfires
73 creatures vanquished.

Grand Total: 103 creatures vanquished

Notes
Turn   | Place    | Note
-------+----------+-------------------------------------------
     0 | D:1      | funkygono the Deep Elf Fire Elementalist began the quest
                  | for the Orb.
     0 | D:1      | Reached XP level 1. HP: 10/10 MP: 6/6
    95 | D:1      | Found a faded altar of an unknown god.
   470 | D:1      | Reached XP level 2. HP: 15/15 MP: 6/8
   482 | D:1      | Learned a level 2 spell: Scorch
   710 | D:1      | Reached skill level 4 in Fire Magic
   976 | D:2      | Reached XP level 3. HP: 19/19 MP: 3/10
   980 | D:2      | Learned a level 3 spell: Conjure Flame
  1258 | D:2      | Succumbed to an adder's poison

Illustrated notes

Levels and vault maps discovered:
D:1:      dpeg_arrival_tiny_k, layout_basic,
          hellmonk_ecumenical_altar_crossroads, minmay_tromino_v4_b
D:2:      layout_rooms

Skill      XL: |  1  2 |
---------------+-------+-----
Fire Magic     | 4 |  4.3
Dodging        | |  2.4
Stealth        | |  2.4
Spellcasting   | |  3.7
Conjurations   | |  1.7

Action                   || total
-------------------------++-------
 Cast: Foxfire           ||    43
       Scorch            ||     4
  Use: Scroll            ||     2
Dodge: Dodged            ||     2

Table legend: (Time is in decaauts)
 A = Elapsed time spent in this place.
 B = Non-inter-level travel time spent in this place.
 C = Inter-level travel time spent in this place.
 D = Time resting spent in this place.
 E = Time spent auto-exploring this place.
 F = Levels seen in this place.
 G = Mean time per level.
                   A        B        C        D        E       F      G
               +--------+--------+--------+--------+--------+-----+--------+
         Total |   1256 |   1247 |      9 |      0 |   1051 |   2 |  628.0 |
       Dungeon |   1256 |   1247 |      9 |      0 |   1051 |   2 |  628.0 |
               +--------+--------+--------+--------+--------+-----+--------+

Top non-repeatable levels by time:
     D:1: 969 daAuts
     D:2: 287 daAuts
